 Dungeon Crawl Stone Soup version 0.21-a0-361-g4efd3f9 (webtiles) character file.

91 Hasart the Chiller (level 4, -1/27 HPs)
             Began as an Octopode Ice Elementalist on Oct 13, 2017.
             Was an Initiate of Gozag.
             Slain by Grinder (4 damage)
             ... on level 3 of the Dungeon.
             The game lasted 00:05:19 (2580 turns).

Hasart the Chiller (Octopode Ice Elementalist)      Turns: 2580, Time: 00:05:21

Health: -1/27      AC:  6    Str:  7    XL:     4   Next: 59%
Magic:  5/8        EV: 13    Int: 23    God:    Gozag
Gold:   176        SH:  0    Dex: 12    Spells: 0/8 levels left

rFire    + . .     SeeInvis .   e - +0 mace
rCold    . . .     Gourm    .   (no shield)
rNeg     . . .     Faith    .   (helmet restricted)
rPois    .         Spirit   .   (no amulet)
rElec    .         Reflect  .   g - ring of protection from fire
rCorr    .         Harm     .   (no ring)
MR       .....                  (no ring)
Stlth    +++.......             (no ring)
HPRegen  0.09/turn              (no ring)
MPRegen  0.11/turn              (no ring)
                                (no ring)
                                (no ring)

@: brilliant, icy armour, slow
A: almost no armour, stealthy swim, amphibious, 8 rings, constrict 8, camouflage
1, gelatinous body 1
a: Potion Petition, Call Merchant, Bribe Branch, Renounce Religion


You were on level 3 of the Dungeon.
You worshipped Gozag.
Gozag was aware of your devotion.
You were very hungry.

You visited 1 branch of the dungeon, and saw 3 of its levels.

You collected 195 gold pieces.
You paid 19 gold pieces to Gozag.

Inventory:

Hand Weapons
 e - a +0 mace (weapon)
Jewellery
 f - an uncursed ring of fire {unknown}
 g - a ring of protection from fire (left tentacle)
Wands
 k - a wand of polymorph (14/24)
Scrolls
 c - 2 scrolls of blinking {unknown}
 i - 4 scrolls of identify {unknown}
 l - a scroll of remove curse {unknown}
Potions
 j - a potion of degeneration {unknown}
Books
 a - a book of Frost

   Spells                             Type                      Level
   a - Freeze                         Ice                          1
   b - Throw Frost                    Conjuration/Ice              2
   c - Ozocubu's Armour               Charms/Ice                   3
   d - Throw Icicle                   Conjuration/Ice              4
   e - Summon Ice Beast               Ice/Summoning                4
Comestibles
 b - 3 bread rations
 d - 4 fruits


   Skills:
 - Level 2.0 Dodging
 - Level 2.6 Stealth
 + Level 2.9 Spellcasting
 + Level 1.2 Conjurations
 * Level 4.5 Ice Magic


You couldn't memorise any spells.
You knew the following spells:

 Your Spells              Type           Power        Failure   Level  Hunger
a - Freeze                Ice            ####         1%          1    None
b - Throw Icicle          Conj/Ice       ####....     4%          4    ####...
c - Ozocubu's Armour      Chrm/Ice       ####....     1%          3    ###....


Dungeon Overview and Level Annotations

Branches:
Dungeon (3/15)

Altars:
Elyvilon
Gozag
Uskayaw

Annotations:
D:3 Grinder


Innate Abilities, Weirdness & Mutations

You cannot wear most types of armour.
You are very stealthy in the water. (Stealth+)
You are amphibious.
You can wear up to eight rings at the same time.
You can use your tentacles to constrict eight enemies at once.
Your skin changes colour to match your surroundings (Stealth+).
Your rubbery body absorbs attacks. (AC +1, EV +1)


Message History

Grinder shouts!
Casting: Freeze
Confirm with . or Enter, or press ? or * to list all spells.
A film of ice covers your body!
Unknown command.
You closely miss Grinder. Your grab misses Grinder.
Your squeeze misses Grinder. Grinder barely misses you.
You hit Grinder. You grab Grinder.
Grinder is lightly wounded.
You constrict Grinder, but do no damage.
Grinder hits you.
You writhe in agony.
Grinder hits you.
You writhe in agony.
Unknown command.
Okay, then.
It was a potion of brilliance.
You feel clever all of a sudden.
You constrict Grinder. Grinder hits you!
* * * LOW HITPOINT WARNING * * *
You writhe in agony.
You die...
Your body crumbles into a pile of gold.

..# #.#..........
..###.#..........
........#.[......
..###.#.#.#.#####
### #.#.###.#
#.#.# .# #.#.# .#
#.#.# #.#######
#.#.# #....5@.#
#.#.#########.#
#.#...>..# #.#
#.######.# #.#
#.######.####.####
#................#
#######...###.##.#
#.##.....#.##.#
#.##.#####.##.#


You could see Grinder.

Vanquished Creatures
  A hound (D:2)
  A gnoll (D:3)
  An ooze (D:2)
  A worm (D:3)
  A dart slug (D:1)
  A leopard gecko (D:1)
  3 giant cockroaches
  4 goblins
  9 hobgoblins
  6 kobolds
  A quokka (D:3)
  2 ball pythons
  2 bats
  3 frilled lizards (D:1)
  6 rats
42 creatures vanquished.

Vanquished Creatures (others)
  4 toadstools (D:1)
4 creatures vanquished.

Grand Total: 46 creatures vanquished

Notes
Turn   | Place    | Note
-------+----------+-------------------------------------------
     0 | D:1      | Hasart the Octopode Ice Elementalist began the quest for the Orb.
     0 | D:1      | Reached XP level 1. HP: 11/11 MP: 3/3
   275 | D:1      | Reached XP level 2. HP: 15/17 MP: 1/5
   912 | D:1      | Reached XP level 3. HP: 21/21 MP: 6/6
  1132 | D:2      | Found a white marble altar of Elyvilon.
  1197 | D:2      | Reached skill level 4 in Ice Magic
  1197 | D:2      | Reached XP level 4. HP: 23/27 MP: 3/8
  1203 | D:2      | Learned a level 4 spell: Throw Icicle
  1207 | D:2      | Learned a level 3 spell: Ozocubu's Armour
  1261 | D:2      | Found an opulent altar of Gozag.
  1270 | D:2      | Became a worshipper of Gozag Ym Sagoz the Greedy
  1447 | D:2      | Found a hide-covered altar of Uskayaw.
  2575 | D:3      | Noticed Grinder
  2580 | D:3      | Slain by Grinder

Vault maps used:
D:1:      ldierk_walled_garden_2, minivault_19, minmay_tetromino_o4
D:2:      old_standard_altar, nicolae_overflow_hidden_temple, elyvilon_altar_4,
          first_bread
D:3:      ashenzari_altar_1, uniq_grinder

Skill      XL: |  1  2  3 |
---------------+----------+-----
Ice Magic      | 4 |  4.5
Dodging        | |  2.0
Stealth        | |  2.6
Spellcasting   | |  2.9
Conjurations   | |  1.2

Action                   |  1- 3 |  4- 6 || total
-------------------------+-------+-------++-------
Melee: Mace              |    46 |    23 ||    69
       Constrict         |    12 |     9 ||    21
       Unarmed           |     2 |       ||     2
       Tentacles         |     8 |     2 ||    10
 Cast: Freeze            |    11 |    10 ||    21
       Ozocubu's Armour  |       |     1 ||     1
  Use: Potion            |       |     1 ||     1
 Stab: Sleeping          |     8 |    11 ||    19
  Eat: Chunk             |     1 |     1 ||     2
       Royal jelly       |       |     1 ||     1
Armor: Skin              |     1 |     1 ||     2
Dodge: Dodged            |    40 |    31 ||    71

Table legend:
 A = Spawn XP
 B = Non-spawn XP
 C = Spawn XP percentage of total XP
 D = Spawn monster count
 E = Non-spawn monster count
 F = Spawn count percentage of total count
 G = Total turns spent on level
                    A         B        C        D         E        F      G
               +---------+---------+-------+---------+---------+-------+---------
         Total |       0 |     131 |   0.0 |       0 |      42 |   0.0 |  2580
               +---------+---------+-------+---------+---------+-------+---------
           D:1 |       0 |      36 |   0.0 |       0 |      21 |   0.0 |  1072
           D:2 |       0 |      66 |   0.0 |       0 |      14 |   0.0 |  1048
           D:3 |       0 |      29 |   0.0 |       0 |       7 |   0.0 |   460
               +---------+---------+-------+---------+---------+-------+---------
